 Dungeon Crawl Stone Soup version 0.12.2-12-gd1dd697 (webtiles) character file.

1380 Haza the Gusty (level 8, -1/43 HPs)
             Began as a Tengu Air Elementalist on July 23, 2013.
             Slain by Edmund
             ... wielding a +2,+0 flail of draining
              (4 damage)
             ... on Level 6 of the Dungeon.
             The game lasted 00:30:16 (8668 turns).

Haza the Gusty (Tengu Air Elementalist)             Turns: 8668, Time: 00:30:17

HP  -1/43        AC 11     Str 12      XL: 8   Next: 10%
MP  10/18        EV  8     Int 15      God:
Gold 458         SH  0     Dex 14      Spells:  1 memorised, 12 levels left

Res.Fire  : . . .   See Invis. : .   h - +2 whip (elec)
Res.Cold  : . . .   Warding    : .   f - +5 elf scale mail
Life Prot.: . . .   Conserve   : .   (no shield)
Res.Poison: .       Res.Corr.  : .   n - +0 elf cap
Res.Elec. : .       Clarity    : .   (no cloak)
Sust.Abil.: . .     Spirit.Shd : .   (no gloves)
Res.Mut.  : .       Stasis     : .   (boots unavailable)
Res.Rott. : .       Ctrl.Telep.: .   (no amulet)
Saprovore : . . .   Flight     : .   k - ring of invisibility
                                     e - ring of wizardry

@: slightly resistant to hostile enchantments, unstealthy
A: able to fly, beak, talons 3
a: Fly, Evoke Invisibility


You were on level 6 of the Dungeon.
You were hungry.

You visited 1 branch of the dungeon, and saw 6 of its levels.
You also visited: Ossuary.

You collected 438 gold pieces.

Inventory:

Hand weapons
 h - a +2,+2 whip of electrocution (weapon)
 t - a +1,+0 quarterstaff
Armour
 a - a +0 robe
 f - a +5 elven scale mail (worn)
 n - a +0 elven cap (worn)
Magical devices
 i - a wand of flame (8)
 r - a wand of frost (10)
Scrolls
 d - 8 scrolls of remove curse
 l - 3 scrolls of teleportation
 m - 8 scrolls of identify
 q - 3 scrolls of blinking
 v - a scroll of amnesia
 w - 2 scrolls of fear
Jewellery
 e - a ring of wizardry (left hand)
 j - an uncursed ring of ice
 k - a ring of invisibility (right hand)
 x - an uncursed ring of see invisible
Potions
 c - a potion of brilliance
 g - a potion of magic
 p - a potion of agility
 s - 3 potions of heal wounds
 u - a potion of resistance
 z - 2 potions of restore abilities
 A - 3 potions of speed
Books
 b - a book of Air

   Spells                             Type                      Level
   *Shock                             Conjuration/Air              1
   Swiftness                          Charms/Air                   2
   Repel Missiles                     Charms/Air                   2
   Flight                             Charms/Air                   3
   Static Discharge                   Conjuration/Air              3
   Lightning Bolt                     Conjuration/Air              5


   Skills:
 + Level 2.6 Fighting
 + Level 1.0 Staves
 + Level 2.7 Armour
 + Level 4.2 Dodging
 + Level 4.2 Stealth
 + Level 2.7 Traps
 + Level 3.0 Spellcasting
 + Level 4.1 Conjurations
 + Level 6.5 Air Magic
 + Level 2.4 Evocations


You had 12 spell levels left.
You knew the following spells:

 Your Spells              Type           Power        Failure   Level  Hunger
a - Shock                 Conj/Air       ####.        2%          1    #......


Dungeon Overview and Level Annotations

Branches:
Dungeon (6/27)
 Temple: D:4-7          Orc: D:6-11

Altars:
Cheibriados
Xom

Shops:
D:5: *[[ D:6: /

Annotations
D:6 Blork the orc, Edmund


Innate Abilities, Weirdness & Mutations

You can fly.
You have a beak for a mouth.
You have claws for feet.


Message History

You feel drained.
Casting: Shock
Confirm with . or Enter, or press ? or * to list all spells.
Aiming: Shock
Press: ? - help, Shift-Dir - straight line, f/p - Edmund
Aim: Edmund, wielding a flail of draining and wearing a scale mail (severely wounded) That beam is likely to hit you.
Continue anyway?
The zap misses Edmund.
The zap hits Edmund.
Edmund is severely wounded.
The zap hits you!
Edmund hits you with a flail of draining.
You feel drained.
* * * LOW HITPOINT WARNING * * *
You closely miss Edmund. Your kick misses Edmund.
You peck Edmund, but do no damage.
Edmund is severely wounded.
Edmund hits you with a flail of draining!
* * * LOW HITPOINT WARNING * * *
You feel drained.
You die...

#.............
#.8..∩..8.# #.# #.##.#
#.# #.##.# #.# #.##.# #
#.# #.##.#.#
#.#####.####.##.#.###..
#..........#.......$....
#######.##.....@@.###
###.#####.....#
#.....###.###.#
#.........# ...
######.......#.# ###
.).%.........#...
######.....#.##.##
#######.# .# #.# .#


You could see Edmund.

Vanquished Creatures
  A sky beast (D:6)
  2 ogres (D:6)
  A phantom (D:5)
  An ice beast (D:6)
  A giant frog skeleton (D:5)
  2 ogre zombies
  A crimson imp (D:6)
  2 hounds
  A scorpion (D:4)
  An iguana (D:5)
  4 worker ants
  A jelly (D:5)
  Ijyb (D:6)
  10 mummies (Ossuary)
  9 adders
  4 gnolls (D:2)
  An adder zombie (D:5)
  An iguana skeleton (D:4)
  2 giant mites (D:5)
  An adder skeleton (D:5)
  4 worms
  A giant eyeball (D:4)
  A bat skeleton (D:4)
  4 gnoll zombies (Ossuary)
  5 giant geckos
  17 orcs
  10 hobgoblins
  19 jackals
  A quokka (D:4)
  A ball python (D:3)
  14 bats
  6 giant cockroaches
  8 giant newts
  8 goblins
  A goblin zombie (D:4)
  A hobgoblin skeleton (D:4)
  12 kobolds
  A kobold zombie (Ossuary)
  3 orc zombies (Ossuary)
  12 rats
  A rat skeleton (D:4)
  A rat zombie (D:4)
178 creatures vanquished.

Vanquished Creatures (others)
  A giant newt (D:6)
1 creature vanquished.

Grand Total: 179 creatures vanquished

Notes
Turn   | Place    | Note
--------------------------------------------------------------
     0 | D:1      | Haza, the Tengu Air Elementalist, began the quest for the Orb.
     0 | D:1      | Reached XP level 1. HP: 10/10 MP: 3/3
   580 | D:1      | Reached XP level 2. HP: 15/15 MP: 0/5
  1095 | D:2      | Reached XP level 3. HP: 7/19 MP: 1/6
  1600 | D:2      | Reached skill level 5 in Air Magic
  1603 | D:2      | Reached XP level 4. HP: 24/24 MP: 2/8
  2360 | D:2      | Reached XP level 5. HP: 26/28 MP: 4/11
  3839 | D:3      | Reached skill level 1 in Traps
  4039 | D:4      | Paralysed by a potion of paralysis for 7 turns
  4093 | D:4      | Reached skill level 1 in Fighting
  4093 | D:4      | Reached XP level 6. HP: 28/32 MP: 7/13
  4290 | D:4      | Found a sand-covered staircase.
  4300 | D:4      | Reached skill level 1 in Armour
  4306 | Ossuary  | Entered an ossuary
  5086 | Ossuary  | Reached skill level 1 in Evocations
  5528 | D:5      | Entered Level 5 of the Dungeon
  5605 | D:5      | Reached XP level 7. HP: 7/37 MP: 3/15
  6119 | D:5      | Found a snail-covered altar of Cheibriados.
  6185 | D:5      | Found Cosim's Antique Armour Boutique.
  6227 | D:5      | Found Ijeuklantes' Armour Shoppe.
  6280 | D:5      | Reached skill level 6 in Air Magic
  6592 | D:5      | Found Wiufuz's General Store.
  7611 | D:5      | Reached XP level 8. HP: 39/43 MP: 9/18
  7891 | D:6      | Noticed Ijyb
  7904 | D:6      | Killed Ijyb
  8187 | D:6      | Found a shimmering altar of Xom.
  8188 | D:6      | Found a shimmering altar of Xom.
  8188 | D:6      | Noticed Blork the orc
  8189 | D:6      | Found a shimmering altar of Xom.
  8189 | D:6      | Found a shimmering altar of Xom.
  8562 | D:6      | Found Muab's Magical Wand Emporium.
  8597 | D:6      | Reached skill level 1 in Staves
  8658 | D:6      | Noticed Edmund
  8668 | D:6      | Slain by Edmund

Action                   |  1- 3 |  4- 6 |  7- 9 || total
-------------------------+-------+-------+-------++-------
Melee: Unarmed           |     6 |       |       ||     6
       Mace              |     8 |     1 |       ||     9
       Whip              |       |    64 |    60 ||   124
       Quarterstaff      |       |       |    30 ||    30
 Cast: Shock             |    51 |   220 |   184 ||   455
 Abil: Fly               |       |     3 |     8 ||    11
Evoke: Wand              |       |     1 |       ||     1
  Use: Potion            |     1 |    12 |     2 ||    15
       Scroll            |       |    11 |     5 ||    16
 Stab: Sleeping          |     1 |       |       ||     1
